 Dungeon Crawl Stone Soup version 0.28.0-47-ge53b351184 (webtiles) character file.

Game seed: 13437258394153406630

68 Woods the Conjurer (level 4, 0/24 HPs)
             Began as a Deep Elf Conjurer on Apr 28, 2022.
             Killed from afar by an orc wizard (6 damage)
             ... with a puff of flame
             ... on level 2 of the Dungeon.
             The game lasted 00:05:07 (2420 turns).

Woods the Conjurer (Deep Elf Conjurer)              Turns: 2420, Time: 00:05:08

Health: 0/24       AC:  3    Str:  4    XL:     4   Next: 1%
Magic:  0/12       EV: 12    Int: 25    God:
Gold:   65         SH:  0    Dex: 13    Spells: 3/12 levels left

rFire   . . .      SeeInvis .   (no weapon)
rCold   . . .      Faith    .   (no shield)
rNeg    . . .      Spirit   +   a - +0 robe
rPois   .          Reflect  .   (no helmet)
rElec   .          Harm     .   (no cloak)
rCorr   .          Rampage  .   h - +0 pair of gloves
Will    .....                   (no boots)
Stlth   ++........              f - amulet of guardian spirit
HPRegen 0.08/turn               (no ring)
MPRegen 0.13/turn               (no ring)

@: no status effects
A: no striking features
a: no special abilities


You were on level 2 of the Dungeon.
You visited 1 branch of the dungeon, and saw 3 of its levels.

You collected 65 gold pieces.

Inventory:

Armour
 a - a +0 robe (worn)
 h - a +0 pair of gloves (worn)
Jewellery
 f - an amulet of guardian spirit (around neck)
 g - a ring of fire
 k - an amulet of reflection
Scrolls
 c - 3 scrolls of teleportation {unknown}
 d - a scroll of enchant armour {unknown}
 e - a scroll of amnesia {unknown}
 i - a scroll of torment {unknown}
 j - 2 scrolls of magic mapping {unknown}
Potions
 b - 2 potions of curing {unknown}


   Skills:
 - Level 2.4 Dodging
 - Level 2.4 Stealth
 + Level 4.5 Spellcasting
 + Level 5.2 Conjurations
 + Level 1.0 Necromancy


You had 3 spell levels left.
You knew the following spells:

 Your Spells              Type           Power      Damage    Failure   Level
a - Magic Dart            Conj           100%       1d8       1%          1
b - Searing Ray           Conj           64%        2d6       1%          2
c - Dazzling Flash        Conj/Hex       36%        N/A       9%          3
d - Vampiric Draining     Necr           10%        2d6       17%         3

Your spell library contained the following spells:

 Spells                   Type           Power      Damage    Failure   Level
 Animate Skeleton         Necr           20%        N/A       6%          1
 Pain                     Necr           40%        1d6       6%          1
 Fulminant Prism          Conj/Hex       9%         3d7       28%         4
 Iskenderun's Mystic Bla  Conj/Tloc      18%        2d6       28%         4


Dungeon Overview and Level Annotations

Branches:
Dungeon (3/15)

Altars:
Yredelemnul


Message History

An orc comes into view. It is wielding a +0 club.
The goblin shouts!
You hear some strange, mumbled words.
A puff of flame appears from out of thin air!
The puff of flame hits you.
You climb upwards.
Reactivating autopickup.
There is a stone staircase leading down here.
Something hits you.
Deactivating autopickup; reactivate with Ctrl-A.
A magic dart appears from out of thin air!
The magic dart hits you.
A puff of flame appears from out of thin air!
The puff of flame misses you.
An orc wizard appears from thin air!
Reactivating autopickup.
The orc wizard gestures wildly while chanting.
The orc wizard flickers and vanishes!
Deactivating autopickup; reactivate with Ctrl-A.
A magic dart appears from out of thin air!
The magic dart hits you!
* * * LOW HITPOINT WARNING * * *
Casting: Magic Dart (safe; 1% risk of failure)
Confirm with . or Enter, or press ? or * to list all spells.
Okay, then.
You hear a shout!
You hear some strange, mumbled words.
Something tries to affect you, but you resist.
Casting: Magic Dart (safe; 1% risk of failure)
Confirm with . or Enter, or press ? or * to list all spells.
You can't see any susceptible monsters within range! (Use Z to cast anyway.)
Casting: Magic Dart (safe; 1% risk of failure)
Confirm with . or Enter, or press ? or * to list all spells.
Aiming: Searing Ray (safe; 1% risk of failure)
Press: ? - help, Shift-Dir - straight line The searing ray hits something. (Press . to maintain the ray.)
You hear some strange, mumbled words.
A puff of flame appears from out of thin air!
The puff of flame hits you!
You die...

.....###........##.#...##........
.##### ######.#.##......#.##....#
.# #........##...........##.# .#
#.####.####......#.##.##.. ##
##.## #.####.#...##.......# .#
#...# #............###.#### .#
#...########.##.##.###..... .#
#...#............#........#
.######...#.##.#@#...[.#........#
.##............#.#..##.#........#
...............#{#..##..........#
###...........##.#..............#
# #####...#.####.##.#####.......#
##### #...#......##.# #.......#
....# #...#######...# #########
....###...# #...# #####
._...###.## #...#########...#


There were no monsters in sight!

Vanquished Creatures
  An adder (D:2)
  A worm (D:2)
  A dart slug (D:1)
  An orc (D:3)
  6 bats
  5 endoplasms
  2 giant cockroaches (D:1)
  2 goblins (D:1)
  3 hobgoblins
  5 jackals
  A quokka (D:2)
  4 ball pythons
  6 frilled lizards
  6 kobolds
  5 rats
49 creatures vanquished.

Notes
Turn   | Place    | Note
-------+----------+-------------------------------------------
     0 | D:1      | Woods the Deep Elf Conjurer began the quest for the Orb.
     0 | D:1      | Reached XP level 1. HP: 10/10 MP: 6/6
   211 | D:1      | You fall into a shaft and drop 1 floor!
   217 | D:2      | Reached XP level 2. HP: 15/15 MP: 1/8
   280 | D:2      | Learned a level 2 spell: Searing Ray
   527 | D:1      | Found a faded altar of an unknown god.
  1063 | D:2      | Reached XP level 3. HP: 19/19 MP: 6/10
  1146 | D:2      | Reached skill level 5 in Conjurations
  1173 | D:2      | Found a basalt altar of Yredelemnul.
  1399 | D:2      | Learned a level 3 spell: Dazzling Flash
  1434 | D:2      | Learned a level 3 spell: Vampiric Draining
  2352 | D:3      | Reached skill level 1 in Necromancy
  2352 | D:3      | Reached XP level 4. HP: 24/24 MP: 7/12
  2420 | D:2      | Killed from afar by an orc wizard

Illustrated notes

Levels and vault maps discovered:
D:1:      psy_arrival_fountain, layout_rooms,
          shapermc_ecumenical_altar_hornbeckon
D:2:      layout_loops_cross, basic_altar
D:3:      kennysheep_big_flooded_room, layout_basic, serial_shops,
          nicolae_shop_stone

Skill      XL: |  1  2  3 |
---------------+----------+-----
Spellcasting   | 4 |  4.5
Conjurations   | 5 |  5.2
Necromancy     | 1 |  1.0
Dodging        | |  2.4
Stealth        | |  2.4

Action                   |  1- 3 |  4- 6 || total
-------------------------+-------+-------++-------
 Cast: Magic Dart        |   105 |     4 ||   109
       Searing Ray       |     1 |     2 ||     3
Armor: Robe              |     5 |       ||     5
Dodge: Dodged            |     6 |     1 ||     7
